 Dungeon Crawl Stone Soup version 0.31-a0-83-gbff143cfd1 (webtiles) character file.

Game seed: 325039372250229684

172 IdlyInterested the Caller (level 5, 0/41 HPs)
             Began as a Demonspawn Wanderer on May 24, 2023.
             Killed from afar by rz's ghost (22 damage)
             ... with a stone arrow
             ... on level 3 of the Dungeon.
             The game lasted 00:14:13 (3253 turns).

IdlyInterested the Caller (Demonspawn Wanderer)     Turns: 3253, Time: 00:14:14

Health: 0/41       AC:  5    Str: 12    XL:     5   Next: 27%
Magic:  6/8        EV: 11    Int: 17    God:
Gold:   224        SH:  0    Dex: 13    Spells: 2/8 levels left

rFire   + + .        m - +0 short sword
rCold   . . .        v - orb {light}
rNeg    . . .        A - +0 robe {rF+}
rPois   .            (helmet restricted)
rElec   .            l - +0 cloak
rCorr   .            B - +0 pair of gloves
SInv    .            D - +0 pair of boots
Will    .....        (no amulet)
Stlth   +            q - ring of protection from fire
HPRegen 0.26/turn    (no ring)
MPRegen 0.11/turn

%: no passive effects
@: glowing
A: antennae 1, powered by death 2, big brain 1
a: no special abilities


You were on level 3 of the Dungeon.
You visited 1 branch of the dungeon, and saw 3 of its levels.

You collected 224 gold pieces.

Inventory:

Hand Weapons
 a - a +0 dagger
 i - a +0 hand axe
 m - a +0 short sword (weapon)
 F - a +0 falchion
Missiles
 e - 6 boomerangs
 s - 3 poisoned darts
 G - a throwing net
Armour
 c - a +0 robe
 d - a +0 buckler
 g - a +0 ring mail
 j - a +0 chain mail
 l - a +0 cloak (worn)
 u - a +1 leather armour
 v - an orb of light (worn)
 A - a +0 robe of fire resistance (worn)
 B - a +0 pair of gloves (worn)
 D - a +0 pair of boots (worn)
Jewellery
 q - a ring of protection from fire (left hand)
Wands
 t - a wand of paralysis (6)
 w - a wand of polymorph (7)
Scrolls
 f - a scroll of poison {unknown}
 h - 3 scrolls of teleportation {unknown}
 k - a scroll of torment {unknown}
 n - a scroll of vulnerability {unknown}
 o - 2 scrolls of identify {unknown}
 p - a scroll of brand weapon {unknown}
 r - a scroll of enchant armour
 x - a scroll of butterflies {unknown}
 y - a scroll of magic mapping {unknown}
Potions
 b - 2 potions of attraction
 z - a potion of mutation {unknown}
 C - a potion of curing {unknown}
 E - a potion of might {unknown}


   Skills:
 - Level 3.0 Fighting
 + Level 0.5 Throwing
 - Level 1.0 Armour
 - Level 1.0 Dodging
 - Level 1.0 Stealth
 - Level 1.0 Shields
 + Level 2.2 Spellcasting
 * Level 4.5 Summonings
 - Level 1.0 Poison Magic
 - Level 1.0 Evocations


You had 2 spell levels left.
You knew the following spells:

 Your Spells              Type           Power      Damage    Failure   Level
a - Summon Small Mammal   Summ           68%        N/A       3%          1
b - Call Imp              Summ           34%        N/A       4%          2
c - Summon Guardian Gole  Hex/Summ       8%         N/A       26%         3

Your spell library contained the following spells:

 Spells                   Type           Power      Damage    Failure   Level
 Sting                    Tmut/Pois      8%         1d3       17%         1
 Ignite Poison            Fire/Tmut/Pois 1%         N/A       50%         3


Dungeon Overview and Level Annotations

Branches:
Dungeon (3/15)

Altars:
Ashenzari
Hepliaklqana

Shops:
D:2 [

Annotations:
D:3 rz's ghost, amateur GrEE


Innate Abilities, Weirdness & Mutations

You have a pair of small antennae on your head.
You regenerate health from kills.
You have an unusually large brain. (Int +2)


Message History

Your cerulean imp barely misses rz's ghost.
Your quokka bites rz's ghost.
Rz's ghost hits your quokka.
You barely miss rz's ghost.
Rz's ghost is moderately damaged.
Your bat hits rz's ghost but does no damage.
Your cerulean imp hits rz's ghost with a -3 spear.
Your quokka bites rz's ghost but does no damage.
Rz's ghost shrieks, "You must not succeed where I failed!"
Rz's ghost closely misses you.
You hit rz's ghost but do no damage.
Rz's ghost is moderately damaged.
Your bat hits rz's ghost but does no damage.
Your cerulean imp barely misses rz's ghost.
Your quokka bites rz's ghost but does no damage.
Rz's ghost points at you and mumbles some strange words.
The stone arrow misses you.
You hit rz's ghost but do no damage.
Rz's ghost is moderately damaged.
Your bat barely misses rz's ghost.
Your bat hits rz's ghost but does no damage.
Your quokka bites rz's ghost.
Your cerulean imp hits rz's ghost but does no damage.
Rz's ghost hits you.
You barely miss rz's ghost.
Rz's ghost is moderately damaged.
Your bat hits rz's ghost but does no damage.
Your quokka bites rz's ghost but does no damage.
Your cerulean imp hits rz's ghost with a -3 spear.
Rz's ghost closely misses you.
Your quokka bites rz's ghost but does no damage.
You hit rz's ghost.
Rz's ghost is heavily damaged.
Your bat hits rz's ghost but does no damage.
Your bat barely misses rz's ghost.
Your cerulean imp hits rz's ghost but does no damage.
Your quokka closely misses rz's ghost.
Rz's ghost points at you and mumbles some strange words.
The stone arrow hits you!!
Ouch! That really hurt!
You die...

....###........# #.# #.......
.##.##...####..####.######.....##
.##.###.## #....................
.##.....#####...###.##.#.........
.######...........#.##...........
.#####..###'''###...##...........
.......##.......##..##..#.#...###
.##.#..#........r##.##..#.#...#..
.##...##......5W@.#...........#..
.###..#...####.b..##.#..#........
.# #.##..##(?###...#.#..#######..
.###.#..# .....##..#.#..#######..
.##..#..# ..=...#..#.............
#.[..#..# Z....#..##.#.#########
.###.##..###........#...#########
####..#..[.........##.#...รท......
......##...####..###.....########


You could see rz's ghost (ally target), a friendly cerulean imp (summoned), a
friendly quokka (summoned) and a friendly bat (summoned).

Vanquished Creatures
  Terence (D:2)
  4 adders
  A worm (D:2)
  4 dart slugs
  2 endoplasms
  3 giant cockroaches (D:3)
  A jackal (D:3)
  5 quokkas
  2 ball pythons (D:1)
  5 frilled lizards
  3 goblins (D:2)
  A kobold (D:1)
  6 rats
38 creatures vanquished.

Vanquished Creatures (collateral kills)
  3 adders
  A hound simulacrum (D:3)
  An adder simulacrum (D:3)
  A dart slug (D:1)
  2 ball pythons
  3 endoplasms
  2 giant cockroaches
  4 goblins
  2 hobgoblins (D:2)
  4 jackals (D:3)
  2 bats
  2 frilled lizards
  A kobold (D:3)
28 creatures vanquished.

Grand Total: 66 creatures vanquished

Notes
Turn   | Place    | Note
-------+----------+-------------------------------------------
     0 | D:1      | IdlyInterested the Demonspawn Wanderer began the quest for
                  | the Orb.
     0 | D:1      | IdlyInterested set off with the following items: a +0
                  | dagger, a potion of attraction, a +0 robe, a +0 buckler;
                  | and the following spells available to memorise: Summon
                  | Small Mammal, Call Imp, Sting, Summon Guardian Golem,
                  | Ignite Poison.
     0 | D:1      | Reached XP level 1. HP: 15/15 MP: 3/3
     4 | D:1      | Learned a level 1 spell: Summon Small Mammal
   274 | D:1      | Gained mutation: You regenerate a little health from kills.
                  | [demonic ancestry]
   274 | D:1      | Reached XP level 2. HP: 8/21 MP: 3/5
   967 | D:1      | Learned a level 2 spell: Call Imp
   997 | D:2      | Gained mutation: You regenerate health from kills. [demonic
                  | ancestry]
   997 | D:2      | Reached XP level 3. HP: 20/27 MP: 2/6
  1157 | D:2      | Reached skill level 1 in Armour
  1280 | D:2      | Noticed Terence
  1291 | D:2      | Killed Terence
  1292 | D:2      | Gained mutation: You have a pair of small antennae on your
                  | head. [demonic ancestry]
  1292 | D:2      | Reached XP level 4. HP: 34/34 MP: 7/7
  1559 | D:2      | Reached skill level 4 in Summonings
  1667 | D:2      | Found Wadghuor's Armour Shoppe.
  1895 | D:2      | Learned a level 3 spell: Summon Guardian Golem
  2358 | D:3      | Found a broken altar of Ashenzari.
  2369 | D:3      | Reached skill level 1 in Dodging
  2552 | D:3      | Found a hazy altar of Hepliaklqana.
  2633 | D:3      | Gained mutation: You have an unusually large brain. (Int
                  | +2) [demonic ancestry]
  2633 | D:3      | Reached XP level 5. HP: 41/41 MP: 4/8
  2704 | D:3      | Found a runed translucent gate.
  2704 | D:3      | Found a runed translucent gate.
  2704 | D:3      | Found a runed translucent gate.
  3105 | D:3      | Noticed rz's ghost (amateur GrEE)
  3253 | D:3      | Killed from afar by rz's ghost

Illustrated notes

Levels and vault maps discovered:
D:1:      eino_arrival_water_star, layout_loops_ring
D:2:      layout_loops_ring, serial_shops, nicolae_lakefront_shop,
          minmay_fractal_squares_gapless_5, uniq_terence
D:3:      layout_loops_ring, overflow_temple_1_default,
          nicolae_hepliaklqana_hippocampus, gammafunk_ghost_icy, st_stairs_6

Skill      XL: |  1  2  3  4 |
---------------+-------------+-----
Fighting       | 2 3 |  3.0
Armour         | 1 |  1.0
Summonings     | 4 |  4.5
Dodging        | 1 |  1.0
Throwing       | |  0.5
Stealth        | |  1.0
Shields        | |  1.0
Spellcasting   | |  2.2
Poison Magic   | |  1.0
Evocations     | |  1.0

Action                     |  1- 3 |  4- 6 || total
---------------------------+-------+-------++-------
  Melee: Dagger            |    22 |       ||    22
         Short sword       |    57 |   117 ||   174
         Unarmed           |     5 |     1 ||     6
  Throw: Boomerang         |     2 |     3 ||     5
         Stone             |     2 |       ||     2
   Cast: Summon Small Mamm |    24 |    19 ||    43
         Call Imp          |       |    17 ||    17
  Evoke: Wand              |     1 |       ||     1
    Use: Scroll            |     1 |       ||     1
   Stab: Paralysed         |     5 |       ||     5
         Distracted        |       |     1 ||     1
 Armour: Robe              |     2 |     8 ||    10
         Ring mail         |    34 |       ||    34
         Leather armour    |       |    50 ||    50
  Dodge: Dodged            |    31 |    70 ||   101
  Block: Buckler           |     8 |       ||     8

Table legend: (Time is in decaauts)
 A = Elapsed time spent in this place.
 B = Non-inter-level travel time spent in this place.
 C = Inter-level travel time spent in this place.
 D = Time resting spent in this place.
 E = Time spent auto-exploring this place.
 F = Levels seen in this place.
 G = Mean time per level.
                   A        B        C        D        E       F      G
               +--------+--------+--------+--------+--------+-----+--------+
         Total |   3263 |   2989 |    274 |    255 |   1910 |   3 | 1087.7 |
       Dungeon |   3263 |   2989 |    274 |    255 |   1910 |   3 | 1087.7 |
               +--------+--------+--------+--------+--------+-----+--------+

Top non-repeatable levels by time:
     D:2: 1291 daAuts
     D:1: 1069 daAuts
     D:3: 901 daAuts
